 Dungeon Crawl Stone Soup version 0.32-a0-876-gcfddb08e57 (webtiles) character file.

Game seed: 5364400013505628825

119 smashvw the Covert (level 5, -4/47 HPs)
             Began as a Gnoll Delver on Mar 31, 2024.
             Slain by a crocodile (6 damage)
             ... in a sewer.
             The game lasted 00:03:03 (873 turns).

smashvw the Covert (Gnoll Delver)                    Turns: 873, Time: 00:03:04

Health: -4/47      AC:  3    Str: 14    XL:     5   Next: 3%
Magic:  7/7        EV: 12    Int:  9    God:
Gold:   7          SH:  0    Dex: 13    Spells: 6/6 levels left

rFire   . . .        a - +0 spear
rCold   . . .        (no shield)
rNeg    . . .        b - +0 leather armour
rPois   .            (no helmet)
rElec   .            (no cloak)
rCorr   .            (no gloves)
SInv    .            (no boots)
Will    .....        (no amulet)
Stlth   ++++         (no ring)
HPRegen 0.27/turn    (no ring)
MPRegen 0.10/turn

%: no passive effects
@: no status effects
A: fangs 1, strong nose, distributed training
a: no special abilities


You were in a sewer.
You visited 1 branch of the dungeon, and saw 3 of its levels.
You also visited: Sewer.

You collected 7 gold pieces.

Inventory:

Hand Weapons
 a - a +0 spear (weapon)
Armour
 b - a +0 leather armour (worn)
Wands
 g - a wand of digging (3)
Scrolls
 d - a scroll of revelation


   Skills:
 + Level 6.6 Fighting
 + Level 1.4 Short Blades
 + Level 1.4 Long Blades
 + Level 1.4 Axes
 + Level 1.4 Maces & Flails
 + Level 4.7 Polearms
 + Level 1.4 Staves
 + Level 1.4 Ranged Weapons
 + Level 1.4 Throwing
 + Level 1.4 Armour
 + Level 4.7 Dodging
 + Level 9.6 Stealth
 + Level 1.4 Shields
 + Level 1.4 Unarmed Combat
 + Level 1.4 Spellcasting
 + Level 1.1 Conjurations
 + Level 1.1 Hexes
 + Level 1.1 Summonings
 + Level 1.1 Necromancy
 + Level 1.1 Translocations
 + Level 1.1 Fire Magic
 + Level 1.1 Ice Magic
 + Level 1.1 Air Magic
 + Level 1.1 Earth Magic
 + Level 1.1 Alchemy
 + Level 1.5 Invocations
 + Level 1.4 Evocations
 + Level 1.2 Shapeshifting


You had 6 spell levels left.
You didn't know any spells.
Your spell library was empty.

Dungeon Overview and Level Annotations

Branches:
Dungeon (5/15)              Sewer (1/1)
 Temple: D:4-7

Altars:
Dithmenos


Innate Abilities, Weirdness & Mutations

You have very sharp teeth.
Your uncanny sense of smell can sniff out nearby items.
Your experience applies equally to all skills.


Message History

As you read the scroll of fear, it crumbles to dust.
You assume a fearsome visage.
The crocodile resists with some effort.
The adder looks frightened!
The kobold brigand looks frightened!
You feel sick.
Cornered, the adder turns to fight!
You feel sick.
The kobold brigand gibbers meaninglessly.
You hit the plant.
The plant begins to die.
The plant is lightly damaged.
You feel sick. The adder misses you. The adder bites you.
You feel sick. The adder closely misses you. The crocodile closely misses you.
You feel sick. The adder attacks as it pursues you! The adder bites you.
You are more poisoned.
The adder poisons you!
You feel sick.
A nearby plant withers and dies.
The crocodile attacks as it pursues you!
The crocodile bites you! The crocodile drags you backwards!
You feel sick. The adder closely misses you. The adder barely misses you.
As you read the scroll of fog, it dissolves into smoke.
You feel sick. The adder bites you. The crocodile bites you!
* * * LOW HITPOINT WARNING * * *
The crocodile drags you backwards!
You feel sick. The adder misses you.
You feel sick. The adder attacks as it pursues you! The adder bites you.
* * * LOW HITPOINT WARNING * * *
The adder bites you.
* * * LOW HITPOINT WARNING * * *
You feel sick. The adder attacks as it pursues you!
The adder closely misses you.
You enter the shallow water.
Moving in this stuff is going to be slow.
You feel sick.
You are no longer poisoned.
The adder attacks as it pursues you! The adder bites you but does no damage.
The crocodile closely misses you.
The kobold brigand shouts!
The crocodile attacks as it pursues you!
The crocodile completely misses you. The adder bites you.
* * * LOW HITPOINT WARNING * * *
The crocodile bites you.
You die...

#########...~§~#
~~~~~~~~~~.~~§.#~#
##########..§~§§#~#
≈≈≈≈≈≈≈≈.~~.§§§§#~~ #..
≈≈≈≈≈≈≈≈.~P.§§§§#~# #.#
≈≈≈≈≈≈≈.~P~.§§§§#~#∆ ~~#
≈≈≈≈≈≈≈~.~§§§§§§#~#########.#
≈≈≈≈≈≈≈.K..§~§lS#~#~.#~#...P##
#######..~..~~~@....~#~#~..PP#
≈≈≈K.....~~÷.~~...#~#~~†PP#
########.~..~~~÷÷.~.~~#~#~..~~#
≈≈≈≈≈≈≈..~~....#~#.~~~#~#~†~.##
≈≈≈≈≈≈≈~~.~.####~###~~~.~)..##
≈≈≈≈≈≈≈~~.~.# #~# ###.~~.~.###
≈≈≈≈≈≈~.~~.## #~# ##.~.....#
≈≈≈≈≈≈....## #~# ###~.~..#
≈≈≈≈≈≈~~.## #~# ######P).#


You could see a crocodile, a kobold brigand and an adder.

Vanquished Creatures
  A kobold brigand (Sewer)
  An adder (Sewer)
  3 river rats (Sewer)
  A giant cockroach (D:3)
  A goblin (D:3)
  3 jackals (Sewer)
  5 kobolds
  2 ball pythons (Sewer)
  2 rats
19 creatures vanquished.

Notes
Turn   | Place    | Note
-------+----------+-------------------------------------------
     0 | D:5      | Reached skill level 9 in Stealth
     0 | D:5      | smashvw the Gnoll Delver began the quest for the Orb.
     0 | D:5      | Reached XP level 1. HP: 23/23 MP: 1/1
   104 | D:3      | Found a shadowy altar of Dithmenos.
   189 | D:3      | Found a glowing drain.
   193 | Sewer    | Entered a sewer
   229 | Sewer    | Reached XP level 2. HP: 25/29 MP: 2/2
   348 | Sewer    | Reached XP level 3. HP: 7/35 MP: 2/4
   410 | Sewer    | Noticed a kobold brigand
   434 | Sewer    | Killed a kobold brigand
   435 | Sewer    | Reached skill level 1 in Short Blades
   435 | Sewer    | Reached skill level 1 in Long Blades
   435 | Sewer    | Reached skill level 1 in Axes
   435 | Sewer    | Reached skill level 1 in Maces & Flails
   435 | Sewer    | Reached skill level 1 in Staves
   435 | Sewer    | Reached skill level 1 in Ranged Weapons
   435 | Sewer    | Reached skill level 1 in Throwing
   435 | Sewer    | Reached skill level 1 in Armour
   435 | Sewer    | Reached skill level 1 in Shields
   435 | Sewer    | Reached skill level 1 in Unarmed Combat
   435 | Sewer    | Reached skill level 1 in Spellcasting
   435 | Sewer    | Reached skill level 1 in Conjurations
   435 | Sewer    | Reached skill level 1 in Hexes
   435 | Sewer    | Reached skill level 1 in Summonings
   435 | Sewer    | Reached skill level 1 in Necromancy
   435 | Sewer    | Reached skill level 1 in Translocations
   435 | Sewer    | Reached skill level 1 in Fire Magic
   435 | Sewer    | Reached skill level 1 in Ice Magic
   435 | Sewer    | Reached skill level 1 in Air Magic
   435 | Sewer    | Reached skill level 1 in Earth Magic
   435 | Sewer    | Reached skill level 1 in Alchemy
   435 | Sewer    | Reached skill level 1 in Invocations
   435 | Sewer    | Reached skill level 1 in Evocations
   435 | Sewer    | Reached skill level 1 in Shapeshifting
   435 | Sewer    | Reached XP level 4. HP: 13/41 MP: 5/5
   729 | Sewer    | Reached XP level 5. HP: 18/47 MP: 7/7
   849 | Sewer    | Noticed a kobold brigand
   856 | Sewer    | Noticed a crocodile
   873 | Sewer    | HP: 2/47 [adder (2)]
   873 | Sewer    | Slain by a crocodile

Illustrated notes

Levels and vault maps discovered:
D:3:      layout_basic, mainiacjoe_overflow_alcove_2,
          nicolae_dithmenos_the_darkroom, gammafunk_ghost_grave,
          gup_sewer_entry_bowl, nicolae_titane
D:4:      layout_basic, marbit_many_paths, minmay_misc_feat_rugged,
          columned_hall_lemuel, minmay_fractal_squares_5
D:5:      layout_basic, enter_ossuary_5
Sewer:    sewer_co_scattered_pipes

Skill      XL: |  1  2  3 |
---------------+----------+-----
Stealth        | |  9.6
Short Blades   | 1 |  1.4
Long Blades    | 1 |  1.4
Axes           | 1 |  1.4
Maces & Flails | 1 |  1.4
Staves         | 1 |  1.4
Ranged Weapons | 1 |  1.4
Throwing       | 1 |  1.4
Armour         | 1 |  1.4
Shields        | 1 |  1.4
Unarmed Combat | 1 |  1.4
Spellcasting   | 1 |  1.4
Conjurations   | 1 |  1.1
Hexes          | 1 |  1.1
Summonings     | 1 |  1.1
Necromancy     | 1 |  1.1
Translocations | 1 |  1.1
Fire Magic     | 1 |  1.1
Ice Magic      | 1 |  1.1
Air Magic      | 1 |  1.1
Earth Magic    | 1 |  1.1
Alchemy        | 1 |  1.1
Invocations    | 1 |  1.5
Evocations     | 1 |  1.4
Shapeshifting  | 1 |  1.2
Fighting       | |  6.6
Polearms       | |  4.7
Dodging        | |  4.7

Action                     |  1- 3 |  4- 6 || total
---------------------------+-------+-------++-------
  Melee: Spear             |    74 |    40 ||   114
         Bite              |     5 |     5 ||    10
    Use: Potion            |     1 |     1 ||     2
         Scroll            |       |     2 ||     2
   Stab: Sleeping          |     1 |       ||     1
         Distracted        |       |     1 ||     1
 Armour: Leather armour    |    27 |    44 ||    71
  Dodge: Dodged            |    24 |    25 ||    49

Table legend: (Time is in decaauts)
 A = Elapsed time spent in this place.
 B = Non-inter-level travel time spent in this place.
 C = Inter-level travel time spent in this place.
 D = Time resting spent in this place.
 E = Time spent auto-exploring this place.
 F = Levels seen in this place.
 G = Mean time per level.
                   A        B        C        D        E       F      G
               +--------+--------+--------+--------+--------+-----+--------+
         Total |    867 |    860 |      7 |    282 |    333 |   4 |  216.8 |
       Dungeon |    193 |    186 |      7 |      0 |     78 |   3 |   64.3 |
         Sewer |    674 |    674 |      0 |    282 |    255 |   1 |  674.0 |
               +--------+--------+--------+--------+--------+-----+--------+

Top non-repeatable levels by time:
   Sewer: 674 daAuts
     D:3: 96 daAuts
     D:4: 64 daAuts
     D:5: 32 daAuts
